 Dungeon Crawl Stone Soup version 0.31-a0-486-g8d68a81214 (webtiles) character file.

Game seed: 4028840090842972149

44 AstroCodex24 the Shield-Bearer (level 3, 0/31 HPs)
             Began as a Demigod Fighter on Aug 7, 2023.
             Slain by a gnoll
             ... wielding a +0 spear
              (4 damage)
             ... on level 2 of the Dungeon.
             The game lasted 00:03:47 (1084 turns).

AstroCodex24 the Shield-Bearer (Demigod Fighter)    Turns: 1084, Time: 00:03:48

Health: 0/31       AC:  9    Str: 21    XL:     3   Next: 22%
Magic:  5/5        EV:  9    Int: 10    God:
Gold:   52         SH:  4    Dex: 13    Spells: 2/2 levels left

rFire   . . .        a - +0 war axe
rCold   . . .        c - +0 buckler
rNeg    . . .        b - +0 scale mail
rPois   .            (no helmet)
rElec   .            f - +2 cloak
rCorr   .            (no gloves)
SInv    .            (no boots)
Will    .....        (no amulet) Stlth
                     (no ring)
HPRegen 0.25/turn    (no ring)
MPRegen 0.09/turn

%: no passive effects
@: no status effects
A: high MP 1, forlorn, divine attributes
a: no special abilities


You were on level 2 of the Dungeon.
You visited 1 branch of the dungeon, and saw 2 of its levels.

You collected 52 gold pieces.

Inventory:

Hand Weapons
 a - a +0 war axe (weapon)
Armour
 b - a +0 scale mail (worn)
 c - a +0 buckler (worn)
 f - a +2 cloak (worn)
Scrolls
 g - a scroll of identify {unknown}
 h - a scroll of revelation {unknown}
 k - a scroll of noise {unknown}
 l - a scroll of enchant armour {unknown}
Potions
 d - a potion of might
 e - a potion of heal wounds {unknown}
 i - 3 potions of curing {unknown}
 j - a potion of mutation {unknown}


   Skills:
 + Level 3.0 Fighting
 + Level 2.5 Axes
 + Level 3.0 Armour
 + Level 3.0 Shields


You had 2 spell levels left.
You didn't know any spells.
Your spell library contained the following spells:

 Spells                   Type           Power      Damage    Failure   Level
 Hailstorm                Conj/Ice       0%         3d3       98%         3
 Summon Ice Beast         Ice/Summ       0%         N/A       100%        4
 Simulacrum               Ice/Necr       0%         N/A       100%        6


Dungeon Overview and Level Annotations

Branches:
Dungeon (2/15)


Innate Abilities, Weirdness & Mutations

You have an increased reservoir of magic. (+10% MP)
You shall have no god before yourself.
Your divine heritage dramatically boosts your attributes as you level up.


Message History

You see here a +0 spear.
There is an escape hatch in the floor here.
A goblin comes into view. It is wielding a +0 club.
The goblin shouts!
The goblin closely misses you. The goblin hits you but does no damage.
You hit the goblin.
You kill the goblin!
You have reached level 3!
Your experience leads to a dramatic increase in your attributes!
Increase (S)trength, (I)ntelligence, or (D)exterity?
You feel stronger. x4
There is an escape hatch in the floor here.
A gnoll comes into view. It is wielding a +0 whip.
The gnoll shouts!
A gnoll comes into view. It is wielding a +0 whip.
The gnoll shouts!
You hear a shout!
A gnoll comes into view. It is wielding a +0 spear.
You block the gnoll's attack.
You hit the gnoll.
The gnoll is moderately wounded.
You completely miss the gnoll. The gnoll hits you with a +0 whip. x2
You barely miss the gnoll.
The gnoll is moderately wounded.
You hit the gnoll. The gnoll closely misses you.
The gnoll hits you with a +0 whip! You block the gnoll's attack.
You slash the gnoll!
You kill the gnoll!
You hit the gnoll. The gnoll closely misses you.
The gnoll hits you from afar with a +0 spear!
The gnoll barely misses you.
The gnoll hits you from afar with a +0 spear.
Found a short sword.
The gnoll hits you with a +0 whip.
* * * LOW HITPOINT WARNING * * *
The gnoll hits you but does no damage.
You see here a +0 whip.
You closely miss the gnoll. You slash the gnoll!
You kill the gnoll!
The gnoll hits you with a +0 spear.
You die...

#.##.#
##........
#.##.#
###...###
#.##)#
#.....
#>...#
#.####
#..###
#..# #..#
#.#####
#@)...#
#g....#
#.....#
......#
.......#
#..####.#
.... ...
..). #.


You could see a gnoll.

Vanquished Creatures
  2 gnolls (D:2)
  4 ball pythons
  3 bats (D:1)
  4 endoplasms
  2 giant cockroaches (D:1)
  6 goblins
  2 hobgoblins (D:1)
  2 quokkas (D:1)
  2 frilled lizards (D:1)
  2 kobolds (D:1)
  2 rats
31 creatures vanquished.

Notes
Turn   | Place    | Note
-------+----------+-------------------------------------------
     0 | D:1      | AstroCodex24 the Demigod Fighter began the quest for the
                  | Orb.
     0 | D:1      | Reached XP level 1. HP: 18/18 MP: 3/3
   317 | D:1      | Reached XP level 2. HP: 25/25 MP: 4/4
  1059 | D:2      | Reached XP level 3. HP: 31/31 MP: 5/5
  1084 | D:2      | Slain by a gnoll

Illustrated notes

Levels and vault maps discovered:
D:1:      nicolae_arrival_washed_ashore, layout_basic
D:2:      layout_rooms

Skill      XL: |  1  2 |
---------------+-------+-----
Axes           | 2 |  2.5
Shields        | 3 |  3.0
Armour         | 3 |  3.0
Fighting       | 3 |  3.0

Action                     || total
---------------------------++-------
  Melee: War axe           ||    64
 Armour: Scale mail        ||    44
  Dodge: Dodged            ||    41
  Block: Buckler           ||    24

Table legend: (Time is in decaauts)
 A = Elapsed time spent in this place.
 B = Non-inter-level travel time spent in this place.
 C = Inter-level travel time spent in this place.
 D = Time resting spent in this place.
 E = Time spent auto-exploring this place.
 F = Levels seen in this place.
 G = Mean time per level.
                   A        B        C        D        E       F      G
               +--------+--------+--------+--------+--------+-----+--------+
         Total |   1120 |   1103 |     17 |      0 |      0 |   2 |  560.0 |
       Dungeon |   1120 |   1103 |     17 |      0 |      0 |   2 |  560.0 |
               +--------+--------+--------+--------+--------+-----+--------+

Top non-repeatable levels by time:
     D:1: 973 daAuts
     D:2: 147 daAuts
